 Dungeon Crawl Stone Soup version 0.30-a0-241-g1121274140 (webtiles) character file.

Game seed: 12998995593175539827

14238 gruber the Destroyer (level 12, -10/59 HPs)
             Began as a Tengu Conjurer on Oct 10, 2022.
             Was an Elder of Vehumet.
             Killed from afar by a war gargoyle (33 damage)
             ... with a spray of metal splinters
             ... on level 12 of the Dungeon.
             The game lasted 00:21:02 (12423 turns).

gruber the Destroyer (Tengu Conjurer)              Turns: 12423, Time: 00:21:03

Health: -10/59     AC:  6    Str:  8    XL:     12   Next: 14%
Magic:  23/27      EV: 17    Int: 23    God:    Vehumet [****..]
Gold:   218        SH:  0    Dex: 13    Spells: 16/32 levels left

rFire   . . .      SeeInvis .    K - +2 short sword (elec)
rCold   + + .      Faith    .    (no shield)
rNeg    . . .      Spirit   .    H - +0 robe {rC+}
rPois   .          Reflect  .    (helmet restricted)
rElec   +          Harm     .    E - +2 cloak
rCorr   .          Rampage  .    a - +0 pair of gloves
Will    .....                    (boots unavailable)
Stlth   ++........               k - amulet of magic regeneration
HPRegen 0.29/turn                r - ring of the Commoners {Contam rElec rC+ Slay+4}
MPRegen 0.60/turn                I - ring of wizardry

@: forested, flying quickly and evasively, quick
A: beak, talons 3, nimble flight
a: Renounce Religion


You were on level 12 of the Dungeon.
You worshipped Vehumet.
Vehumet was greatly pleased with you.
You visited 1 branch of the dungeon, and saw 12 of its levels.
You also visited: Sewer.

You collected 678 gold pieces.
You spent 460 gold pieces at shops.

Inventory:

Hand Weapons
 u - a +0 spear of venom
 K - a +2 short sword of electrocution (weapon)
Missiles
 e - 3 throwing nets
Armour
 a - a +0 pair of gloves (worn)
 E - a +2 cloak (worn)
 H - a +0 robe of cold resistance (worn)
Jewellery
 k - an amulet of magic regeneration (around neck)
 r - the ring of the Commoners (left hand) {Contam rElec rC+ Slay+4}
   (You found it on level 3 of the Dungeon)

   [ring of slaying]

   Slay:      It affects your accuracy & damage with ranged weapons and melee
   (+4).
   rC:        It protects you from cold.
   rElec:     It insulates you from electricity.
   Contam:    It causes magical contamination when unequipped.
 w - a ring of see invisible
 z - a ring of ice
 F - a +6 ring of strength
 I - a ring of wizardry (right hand)
 L - an amulet of guardian spirit
 Q - a ring of positive energy
Wands
 C - a wand of light (13)
 J - a wand of flame (3)
 N - a wand of paralysis (14)
 R - a wand of mindburst (5)
Scrolls
 c - a scroll of immolation {unknown}
 d - 2 scrolls of enchant armour {unknown}
 f - 14 scrolls of identify {unknown}
 g - 3 scrolls of teleportation {unknown}
 h - 3 scrolls of amnesia {unknown}
 j - 2 scrolls of magic mapping {unknown}
 n - 2 scrolls of summoning {unknown}
 p - 2 scrolls of enchant weapon {unknown}
 y - 3 scrolls of blinking {unknown}
 G - 3 scrolls of torment {unknown}
 M - 2 scrolls of poison {unknown}
 O - a scroll of fear {unknown}
Potions
 b - 2 potions of magic
 i - a potion of heal wounds {unknown}
 l - 2 potions of curing
 m - 2 potions of mutation {unknown}
 o - 3 potions of haste
 q - 2 potions of lignification {unknown}
 s - a potion of flight {unknown}
 t - 2 potions of brilliance {unknown}
 v - a potion of berserk rage {unknown}
 x - 2 potions of attraction {unknown}
 A - 2 potions of might {unknown}
 B - a potion of ambrosia {unknown}
 D - a potion of resistance {unknown}
 P - a potion of degeneration {unknown}


   Skills:
 - Level 7.2 Dodging
 - Level 2.0 Stealth
 * Level 10.8 Spellcasting
 - Level 13.7 Conjurations
 - Level 10.3 Summonings
 - Level 3.1 Translocations
 - Level 5.4 Air Magic


You had 16 spell levels left.
You knew the following spells:

 Your Spells              Type           Power      Damage    Failure   Level
a - Magic Dart            Conj           100%       1d8       0%          1
b - Searing Ray           Conj           100%       2d8       1%          2
c - Iskenderun's Mystic   Conj/Tloc      50%        2d11      1%          4
d - Summon Lightning Spi  Summ/Air       48%        N/A       1%          4
e - Summon Forest         Summ/Tloc      21%        N/A       3%          5

Your spell library contained the following spells:

 Spells                   Type           Power      Damage    Failure   Level
 Yara's Violent Unravell  Hex/Tmut       6%         3d5       16%         5
 Apportation              Tloc           52%        N/A       1%          1
 Summon Small Mammal      Summ           100%       N/A       1%          1
 Dazzling Flash           Conj/Hex       88%        N/A       1%          3
 Stone Arrow              Conj/Erth      88%        3d12      1%          3
 Vhi's Electric Charge    Tloc/Air       64%        N/A       1%          3
 Fulminant Prism          Conj/Hex       22%        3d13      1%          4
 Arcjolt                  Conj/Air       27%        1d37      1%          5
 Necrotise                Necr           48%        1d6       2%          1
 Animate Armour           Summ/Erth      72%        N/A       2%          4
 Summon Cactus Giant      Summ           28%        N/A       4%          6
 Starburst                Conj/Fire      22%        6d7       5%          6
 Manifold Assault         Tloc           26%        N/A       6%          4
 Summon Mana Viper        Hex/Summ       36%        N/A       7%          5
 Dispersal                Tloc           13%        N/A       61%         6
 Lehudib's Crystal Spear  Conj/Erth      22%        10d6      83%         8
 Maxwell's Capacitive Co  Air            18%        ∞         94%         8
 Storm Form               Tmut/Air       12%        N/A       99%         7
 Disjunction              Tloc           13%        N/A       100%        8


Dungeon Overview and Level Annotations

Branches:
Dungeon (12/15)            Temple (0/1) D:6            Lair (0/5) D:11
  Sewer (visited)
    Orc: D:9-12

Altars:
Cheibriados
Dithmenos
Elyvilon
Gozag
Hepliaklqana
Makhleb
Nemelex Xobeh
Qazlal
Sif Muna
Trog
Uskayaw
Vehumet
Wu Jian
Yredelemnul
The Shining One

Shops:
D:4 [   D:8 [   D:9 (

Annotations:
D:8 3 runed translucent doors, jt's ghost, novice NaHu
D:12 Kirke


Innate Abilities, Weirdness & Mutations

You have a beak for a mouth.
You have claws for feet.
Your magical nature lets you fly swiftly and evasively.


Message History

Unknown command.
Unknown command.
Casting: Summon Forest (dangerous; 3% risk of failure)
Confirm with . or Enter, or press ? or * to list all spells.
Really blast near your dryad?
Okay, then.
Unknown command.
There is a stone staircase leading down here.
The gargoyle is hit by a branch.
The war gargoyle hits your dryad with a +0 flail!
Your dryad barely misses the war gargoyle.
The war gargoyle launches metal splinters at you.
The spray of metal splinters hits your dryad!!!
Your dryad dies!
Your dryad's corpse disappears in a puff of smoke!
The forest abruptly stops moving.
The spray of metal splinters hits you!!
Unknown command.
Casting: Iskenderun's Mystic Blast (safe; 1% risk of failure)
Confirm with . or Enter, or press ? or * to list all spells.
You erupt in a blast of force!
The mystic blast hits the war gargoyle!
The war gargoyle is moderately damaged.
The war gargoyle is knocked back by the mystic blast.
Unknown command.
Unknown command.
Unknown command.
The war gargoyle launches metal splinters at you.
The spray of metal splinters misses you.
The war gargoyle launches metal splinters at you.
The spray of metal splinters misses you.
The war gargoyle launches metal splinters at you.
The spray of metal splinters hits you!!
Okay, then.
Casting: Iskenderun's Mystic Blast (safe; 1% risk of failure)
Confirm with . or Enter, or press ? or * to list all spells.
You erupt in a blast of force!
The mystic blast hits the war gargoyle but does no damage.
The war gargoyle launches metal splinters at you.
The spray of metal splinters hits you!!
Ouch! That really hurt!
You die...

#.+ #..# #........# #.#
#..# #...###### #####.#
#..# #...# ......# #..#
#...# ......# #..# #...#
......# #..######...##
#####.# #............# #
#.# #............# # #.#
#.....@.9....##### #
#.#####...######.......# #
#....♣....♣....'.......# ♣
#.........#....#.......# #
#.........+....#9......# #
#........♣#....#.......# #
#.........######9...####
###♣♣.........9.9.......#
.)....).......^######...##


You could see a war gargoyle (catching breath).

Vanquished Creatures
  2 two-headed ogres
  5 death yaks (D:11)
  An ugly thing (D:12)
  A komodo dragon (D:10)
  3 trolls
  A shadow (D:9)
  A vampire (D:10)
  2 wraiths
  2 hogs (D:12)
  A wyvern (D:7)
  A steam dragon (D:7)
  2 acid dragons
  4 water moccasins
  6 orc warriors
  3 ogres (D:5)
  2 black bears
  4 centaurs
  A phantom (D:6)
  3 kobold brigands
  A bullfrog (D:7)
  A gnoll sergeant (D:9)
  A necrophage (D:4)
  A scorpion (D:5)
  11 wights
  5 howler monkeys
  4 jellies
  2 hounds (D:5)
  5 orc priests
  An iguana (D:5)
  Crazy Yiuf (D:5)
  A hell rat (Sewer)
  14 orc wizards
  A statue (D:4)
  15 gnolls
  5 adders
  3 river rats
  4 shadow imps
  2 worms
  3 dart slugs
  55 orcs
  10 endoplasms
  3 giant cockroaches
  9 goblins
  6 hobgoblins
  2 jackals (D:2)
  18 kobolds
  2 quokkas
  9 ball pythons
  8 bats
  5 frilled lizards
  11 rats
264 creatures vanquished.

Vanquished Creatures (collateral kills)
  A manticore (D:12)
  An ugly thing (D:12)
  7 gargoyles (D:12)
  A kobold demonologist (D:11)
  2 hogs (D:12)
  2 orcs (D:9)
14 creatures vanquished.

Vanquished Creatures (others)
  2 plants (D:8)
  A snaplasher vine (D:12)
3 creatures vanquished.

Grand Total: 281 creatures vanquished

Notes
Turn   | Place    | Note
-------+----------+-------------------------------------------
     0 | D:1      | gruber the Tengu Conjurer began the quest for the Orb.
     0 | D:1      | Reached XP level 1. HP: 10/10 MP: 4/4
   161 | D:1      | Reached XP level 2. HP: 15/15 MP: 3/6
   267 | D:1      | Reached skill level 6 in Conjurations
   773 | D:1      | Learned a level 2 spell: Searing Ray
   798 | D:2      | Reached XP level 3. HP: 19/19 MP: 2/7
  1429 | D:2      | Reached skill level 7 in Conjurations
  1939 | D:3      | Found a burning altar of Makhleb.
  2106 | D:3      | Reached XP level 4. HP: 24/24 MP: 5/8
  2168 | D:3      | Identified the ring of the Commoners {Contam rElec rC+
                  | Slay+4}
  2316 | D:3      | Found a glowing drain.
  2325 | D:3      | Reached skill level 8 in Conjurations
  2331 | Sewer    | Entered a sewer
  2341 | Sewer    | Gained mutation: Your magical nature lets you fly swiftly
                  | and evasively. [Tengu growth]
  2341 | Sewer    | Reached XP level 5. HP: 18/28 MP: 3/9
  2911 | D:4      | Reached skill level 9 in Conjurations
  2961 | D:4      | Found a radiant altar of Vehumet.
  2961 | D:4      | Noticed a charred statue
  3237 | D:4      | Killed a charred statue
  3238 | D:4      | Reached XP level 6. HP: 13/32 MP: 6/10
  3240 | D:4      | Became a worshipper of Vehumet
  3246 | D:4      | Learned a level 4 spell: Iskenderun's Mystic Blast
  3463 | D:4      | Found Qisoodiu's Antique Armour Shoppe.
  3635 | D:4      | Reached skill level 10 in Conjurations
  3793 | D:5      | Entered Level 5 of the Dungeon
  3842 | D:5      | Found a bloodstained altar of Trog.
  3847 | D:5      | Reached XP level 7. HP: 17/36 MP: 7/12
  3958 | D:5      | Reached * piety under Vehumet
  3958 | D:5      | Offered knowledge of Kiss of Death by Vehumet.
  4048 | D:5      | Found a shadowy altar of Dithmenos.
  4083 | D:5      | Found an ornate altar of the Wu Jian Council.
  4575 | D:5      | Reached skill level 5 in Spellcasting
  4602 | D:5      | Reached XP level 8. HP: 39/41 MP: 12/17
  4724 | D:5      | Found a glowing golden altar of the Shining One.
  4815 | D:5      | Found a stormy altar of Qazlal.
  4818 | D:5      | Found a snail-covered altar of Cheibriados.
  4823 | D:5      | Found a hide-covered altar of Uskayaw.
  4882 | D:5      | Found a runed translucent door.
  4883 | D:5      | Noticed Crazy Yiuf
  5083 | D:5      | Killed Crazy Yiuf
  5735 | D:6      | Found a staircase to the Ecumenical Temple.
  5750 | D:6      | Reached XP level 9. HP: 43/45 MP: 22/22
  6227 | D:7      | Reached skill level 5 in Dodging
  6396 | D:7      | Found a hazy altar of Hepliaklqana.
  6535 | D:7      | Found a white marble altar of Elyvilon.
  6551 | D:7      | Found an opulent altar of Gozag.
  6554 | D:7      | Found a shimmering blue altar of Sif Muna.
  6671 | D:7      | Reached ** piety under Vehumet
  6671 | D:7      | Offered knowledge of Momentum Strike by Vehumet.
  7041 | D:7      | You are sucked into a shaft and drop 2 floors!
  7149 | D:9      | Learned a level 4 spell: Summon Lightning Spire
  7240 | D:9      | Reached skill level 1 in Air Magic
  7376 | D:9      | Reached skill level 1 in Translocations
  7699 | D:9      | Found Tamyvim's Weapon Shop.
  7981 | D:9      | Offered knowledge of Static Discharge by Vehumet.
  7982 | D:9      | Reached XP level 10. HP: 27/50 MP: 13/23
  8071 | D:8      | Reached skill level 5 in Air Magic
  8200 | D:8      | Found a sparkling altar of Nemelex Xobeh.
  8284 | D:8      | Found a basalt altar of Yredelemnul.
  8292 | D:8      | Reached skill level 1 in Summonings
  8330 | D:8      | Reached *** piety under Vehumet
  8503 | D:8      | Found a runed translucent gate.
  8504 | D:8      | Found a runed translucent gate.
  8505 | D:8      | Found a runed translucent gate.
  8510 | D:8      | Noticed a nine-headed hydra
  8511 | D:8      | Noticed jt's ghost (novice NaHu)
  8685 | D:8      | Found Totsa's Antique Armour Boutique.
  8776 | D:8      | Offered knowledge of Ignite Poison by Vehumet.
  8789 | D:8      | Reached skill level 11 in Conjurations
  9193 | D:10     | Entered Level 10 of the Dungeon
  9484 | D:10     | Reached **** piety under Vehumet
  9486 | D:10     | Offered knowledge of Yara's Violent Unravelling by Vehumet.
  9512 | D:10     | Reached skill level 12 in Conjurations
  9937 | D:4      | Bought a masterwork troll leather armour for 460 gold
                  | pieces
  9937 | D:4      | Identified the +1 troll leather armour of Morality {Harm
                  | *Corrode Regen+ SInv} (You bought it in a shop on level 4
                  | of the Dungeon)
 10149 | D:10     | Noticed a two-headed ogre
 10160 | D:10     | Killed a two-headed ogre
 10161 | D:10     | Reached skill level 13 in Conjurations
 10386 | D:11     | Noticed a death yak
 10386 | D:11     | Noticed a death yak
 10386 | D:11     | Noticed a death yak
 10472 | D:11     | Learned a level 5 spell: Summon Forest
 10733 | D:11     | Noticed a two-headed ogre
 10747 | D:11     | Killed a two-headed ogre
 10748 | D:11     | Reached skill level 5 in Summonings
 10748 | D:11     | Reached XP level 11. HP: 28/54 MP: 10/24
 11083 | D:11     | Noticed a death yak
 11115 | D:11     | Killed a death yak
 11116 | D:11     | Noticed a death yak
 11146 | D:11     | Killed a death yak
 11149 | D:11     | Killed a death yak
 11149 | D:11     | Killed a death yak
 11152 | D:11     | Killed a death yak
 11153 | D:11     | Reached skill level 10 in Summonings
 11294 | D:11     | Found a staircase to the Lair.
 11640 | D:12     | Noticed a white ugly thing
 11653 | D:12     | Killed a white ugly thing
 11852 | D:12     | Noticed a purple ugly thing
 11862 | D:12     | Killed a purple ugly thing
 11880 | D:12     | Noticed a manticore
 11886 | D:12     | Killed a manticore
 11946 | D:12     | Noticed Kirke
 12039 | D:12     | Noticed a deep elf pyromancer
 12299 | D:12     | Reached skill level 10 in Spellcasting
 12328 | D:12     | Reached XP level 12. HP: 59/59 MP: 21/27
 12349 | D:12     | Noticed a war gargoyle
 12423 | D:12     | Killed from afar by a war gargoyle

Illustrated notes

Levels and vault maps discovered:
D:1:      scummos_arrival_forest, layout_rooms
D:2:      layout_basic, corexii_leaking_fountain
D:3:      layout_loops_ring, nicolae_overflow_hidden_temple,
          portal_sewer_entry_a
D:4:      layout_basic, vehumet_statue, serial_shops, shop, serial_glass,
          glass_columns_b, glass_columns_b, glass_columns_b, glass_columns_b,
          glass_columns_a, glass_columns_b, st_stairs_3
D:5:      layout_loops_ring, grunt_temple_overflow_diamond, lemuel_tele_altar,
          lemuel_coloured_pillars_altar, mainiacjoe_overflow_brackets,
          marbit_many_paths, grunt_ministairs_9, corexii_corridor_pit,
          uniq_crazy_yiuf_cottage
D:6:      layout_gridville, temple_fountains
D:7:      layout_basic, lemuel_round_altar, minmay_overflow_temple_star_quad,
          chequers_serial_rivers_micro_d, hex_large
D:8:      layout_loops_ring, mainiacjoe_overflow_surrounded_room,
          general_overflow_altar, serial_shops, shop, special_room
          [special_room_orc], gammafunk_ghost_hydra_chop
D:9:      layout_cave_pools, serial_shops, shop, hangedman_abyss_or_decor_stabs,
          solitary_fountain
D:10:     layout_long_grid, dk_noncrumbling_4
D:11:     layout_irregular_city, dpeg_lair_monsters,
          chequers_serial_rivers_small_b
D:12:     gargoyle_guard, layout_irregular_city, orc_0_dummy, serial_shops,
          nicolae_shop_behind_doors, uniq_kirke

Skill      XL: |  1  2  3  4  5  6  7  8  9 10 11 |
---------------+----------------------------------+-----
Conjurations   | 6 7 8 9 10 13 | 13.7
Spellcasting   | 3 5 8 10 | 10.8
Dodging        | 3 7 |  7.2
Air Magic      | 4 5 |  5.4
Translocations | 2 3 |  3.1
Summonings     | 5 10 | 10.3
Stealth        | |  2.0

Action                   |  1- 3 |  4- 6 |  7- 9 | 10-12 || total
-------------------------+-------+-------+-------+-------++-------
Melee: Spear             |       |     1 |    16 |       ||    17
       Peck              |       |       |     6 |     7 ||    13
       Kick              |       |       |     4 |    12 ||    16
       Short sword       |       |       |       |    36 ||    36
 Cast: Magic Dart        |    83 |   118 |   115 |    43 ||   359
       Searing Ray       |       |     9 |    40 |    37 ||    86
       Iskenderun's Myst |       |       |    12 |    37 ||    49
       Summon Lightning  |       |       |     1 |     9 ||    10
       Summon Forest     |       |       |       |    14 ||    14
  Use: Potion            |       |       |       |     2 ||     2
 Stab: Sleeping          |       |     1 |       |     1 ||     2
Armor: Robe              |     2 |     4 |    14 |    14 ||    34
Dodge: Dodged            |     6 |    18 |    79 |    84 ||   187

Table legend: (Time is in decaauts)
 A = Elapsed time spent in this place.
 B = Non-inter-level travel time spent in this place.
 C = Inter-level travel time spent in this place.
 D = Time resting spent in this place.
 E = Time spent auto-exploring this place.
 F = Levels seen in this place.
 G = Mean time per level.
                   A        B        C        D        E       F      G
               +--------+--------+--------+--------+--------+-----+--------+
         Total |  11722 |  11033 |    689 |    359 |   8878 |  13 |  901.7 |
       Dungeon |  11515 |  10826 |    689 |    359 |   8713 |  12 |  959.6 |
         Sewer |    207 |    207 |      0 |      0 |    164 |   1 |  207.0 |
               +--------+--------+--------+--------+--------+-----+--------+

Top non-repeatable levels by time:
     D:5: 1298 daAuts
    D:11: 1161 daAuts
     D:2: 1083 daAuts
     D:9: 1026 daAuts
     D:6: 998 daAuts
     D:7: 976 daAuts
     D:4: 936 daAuts
     D:8: 931 daAuts
    D:10: 890 daAuts
     D:1: 793 daAuts
     D:3: 722 daAuts
    D:12: 696 daAuts
   Sewer: 207 daAuts
